 Dungeon Sprint DCSS version 0.19.0-24-gb05acd6 (webtiles) character file.

800000 Kadarus the Axe Maniac (level 15, -21/159 HPs)
             Began as a Formicid Fighter on Nov 21, 2016.
             Was a Follower of Makhleb.
             Demolished by a meat berserker
             ... wielding a +9 battleaxe
              (79 damage)
             ... in the Dungeon (Sprint VIII: "Arena of Blood").
             The game lasted 00:01:00 (8 turns).

Kadarus the Axe Maniac (Formicid Fighter)              Turns: 8, Time: 00:01:01

Health: -21/159    AC:  6    Str: 21    XL:     15   Next: 61%
Magic:  15/15      EV:  9    Int:  9    God:    Makhleb [*.....]
Gold:   0          SH: 13    Dex: 15    Spells: 0 memorised, 14 levels left

rFire  . . .     SeeInvis +     k - +∞ Axe of Woe
rCold  . . .     Gourm    .     a - +0 scale mail
rNeg   . . .     Faith    .     b - +0 shield
rPois  .         Spirit   .     (helmet unavailable)
rElec  .         Reflect  .     (no cloak)
rCorr  .         Harm     .     (no gloves)
MR     +....                    (no boots)
Stlth  ..........               (no amulet)
                                (no ring)
                                (no ring)

@: no status effects
A: permanent stasis, dig shafts and tunnels, four strong arms, antennae 3
a: Dig, Renounce Religion


You were in the Dungeon.
You worshipped Makhleb.
Makhleb was aware of your devotion.
You were not hungry.

You visited 1 branch

Inventory:

Hand Weapons
 k - the +∞ Axe of Woe (weapon)
   (You found it in the Dungeon)
Armour
 a - a +0 scale mail (worn)
 b - a +0 shield (worn)
Scrolls
 j - a scroll of blinking
Potions
 c - a potion of might
 e - a potion of curing
 f - a potion of heal wounds
 g - a potion of haste
 h - 2 potions of magic
 i - a potion of berserk rage
Comestibles
 d - a bread ration


   Skills:
 O Level 27 Fighting
 O Level 27 Axes
 - Level 3.2 Armour
 + Level 12.9 Shields
 - Level 2.0 Unarmed Combat


You had 14 spell levels left.
You didn't know any spells.

Dungeon Overview and Level Annotations

Branches:
Dungeon (1/1)

Altars:
Makhleb


Innate Abilities, Weirdness & Mutations

You are under a permanent stasis effect.
You can dig through walls and to a lower floor.
Your four strong arms can wield two-handed weapons with a shield.
You have a pair of large antennae on your head. (SInv)


Message History

You have reached level 14!
You hit the bag of meat.
You cleave the bag of meat in twain.
You kill the bag of meat!
Makhleb accepts your kill.
Your Fighting skill gained 4 levels and is now at level 25!
You have reached level 15!
Your experience leads to an increase in your attributes!
Increase (S)trength, (I)ntelligence, or (D)exterity?
You feel agile.
You slash the bag of meat!
You fatally mangle the bag of meat.
You kill the bag of meat!
Makhleb accepts your kill.
You have mastered Fighting!
You need to enable at least one skill for training.
Your Shields skill gained 9 levels and is now at level 12!
You hear a shout! x3
The meat berserker rages. x2
You hear a shout! x4
The meat berserker hits you with a +9 battleaxe!!!!
You die...

.........
.........
.........
#.......# . {
#.......# ...
.###.. ....###....
......###O).......
......_..@).O....
.#....)#.......
#_.<._#o......
#....o#.o....#
......_.....oO...
......###.....O...
.###.. ...###.O..
{#.. ...# .... #.
...#


You could see 5 meat berserkers and 4 bags of meat.

Vanquished Creatures
  An ogre (D)
  3 orcs (D)
4 creatures vanquished.

Notes
Turn   | Place    | Note
-------+----------+-------------------------------------------
     0 | D        | Kadarus the Formicid Fighter began the quest for the Orb.
     0 | D        | Reached XP level 1. HP: 18/18 MP: 1/1
     3 | D        | Noticed a bag of meat
     3 | D        | Noticed a bag of meat
     4 | D        | Noticed a bag of meat
     4 | D        | Noticed a meat berserker
     4 | D        | Became a worshipper of Makhleb the Destroyer
     5 | D        | Noticed a bag of meat
     6 | D        | Noticed a bag of meat
     7 | D        | Noticed a meat berserker
     7 | D        | Noticed a bag of meat
     7 | D        | Noticed a meat berserker
     7 | D        | Noticed a bag of meat
     7 | D        | Killed a bag of meat
     7 | D        | Reached XP level 2. HP: 24/24 MP: 2/2
     7 | D        | Reached XP level 3. HP: 29/29 MP: 3/3
     7 | D        | Reached XP level 4. HP: 35/35 MP: 4/4
     7 | D        | Reached XP level 5. HP: 41/41 MP: 5/5
     7 | D        | Reached XP level 6. HP: 47/47 MP: 6/6
     7 | D        | Reached XP level 7. HP: 52/52 MP: 7/7
     7 | D        | Reached XP level 8. HP: 58/58 MP: 8/8
     7 | D        | Reached XP level 9. HP: 64/64 MP: 9/9
     7 | D        | Reached XP level 10. HP: 70/70 MP: 10/10
     7 | D        | Reached XP level 11. HP: 75/75 MP: 11/11
     7 | D        | Reached XP level 12. HP: 81/81 MP: 12/12
     8 | D        | Noticed a meat berserker
     8 | D        | Noticed a meat berserker
     8 | D        | Noticed a meat berserker
     8 | D        | Killed a meat berserker
     8 | D        | Reached * piety under Makhleb
     8 | D        | Reached skill level 27 in Axes
     8 | D        | Reached XP level 13. HP: 47/132 MP: 13/13
     8 | D        | Reached XP level 14. HP: 50/139 MP: 14/14
     8 | D        | Killed a bag of meat
     8 | D        | Reached XP level 15. HP: 56/155 MP: 15/15
     8 | D        | Reached skill level 27 in Fighting
     8 | D        | Demolished by a meat berserker

Skill      XL: |  1  2  3  4  5  6  7  8  9 10 11 12 13 14 15 |
---------------+----------------------------------------------+-----
Axes           | 25 27 | 27.0
Fighting       | 21 25 27 | 27.0
Shields        | 12 | 12.9
Armour         | |  3.2
Unarmed Combat | |  2.0

Action                   |  1- 3 |  4- 6 |  7- 9 | 10-12 | 13-15 || total
-------------------------+-------+-------+-------+-------+-------++-------
Melee: Executioner's axe |     1 |       |       |     1 |       ||     2
